AoeStats
← mgaitaniella

Oasis

509248333Analyzed
4v4 RM · 6d ago on Sep 26, 2026· 44m 50s· 8 players
Game mode
Random Map
Map size
Large (8 player)
Population
200
Speed
Normal
Resources
Standard
Victory
Conquest
Starting age
Dark Age
Ending age
Imperial Age
RankedLock teamsTeams togetherTeam positionsShared explorationLock speedFull tech treeHidden civsTurbo modeCheats
Victory
Defeat
🇵🇪 Franks · Peru
959
+15
🇺🇸 Persians · United States
924
+17
🇵🇪 Varangians · Peru
887
+18
🇵🇪 Lithuanians · Peru
870
+19
🇨🇳 Huns · China
962
-18
🇨🇳 Persians · China
937
-17
🇺🇸 Huns · United States
937
-17
923
-17
PlyerX
10:07 Feudal Age
12:06 Wheelbarrow
19:33 Castle Age
18:28 Double-Bit Axe
18:28 Horse Collar
20:54 Hand Cart
21:25 Man-at-Arms
23:14 Long Swordsman
25:04 Heavy Plow
26:57 Scale Mail Armor
29:11 Arson
30:43 Squires
30:04 Pikeman
32:14 Forging
34:32 Chain Mail Armor
34:53 Iron Casting
36:04 Gold Mining
43:37 Bow Saw
kz
12:21 Feudal Age
13:59 Double-Bit Axe
14:11 Arson
13:47 Man-at-Arms
15:00 Scale Mail Armor
17:47 Horse Collar
19:59 Bloodlines
29:38 Castle Age
29:02 Stone Mining
32:07 Forging
32:17 Husbandry
32:49 Heavy Plow
32:43 Gold Mining
34:30 Bow Saw
37:43 Iron Casting
37:24 Chain Mail Armor
38:25 Stone Shaft Mining
38:29 Gold Shaft Mining
37:46 Light Cavalry
39:37 Scale Barding Armor
41:48 Chain Barding Armor
44:30 Wheelbarrow
43:41 Town Watch
46:32 Imperial Age
Yailes<3
10:02 Feudal Age
13:18 Wheelbarrow
14:16 Loom
17:09 Castle Age
16:54 Double-Bit Axe
17:16 Gold Mining
21:23 Forging
21:19 Scale Barding Armor
24:06 Gold Shaft Mining
23:55 Husbandry
36:29 Bow Saw
37:44 Hand Cart
37:47 Town Watch
38:44 Chain Barding Armor
39:00 Iron Casting
42:32 Town Patrol
43:01 Stone Mining
43:58 Squires
43:19 Pikeman
46:47 Imperial Age
Aryey
10:31 Feudal Age
11:49 Wheelbarrow
11:03 Double-Bit Axe
11:11 Horse Collar
18:34 Bloodlines
22:58 Castle Age
24:25 Hand Cart
28:43 Scale Barding Armor
28:49 Forging
29:36 Gold Mining
29:43 Stone Mining
30:17 Chain Barding Armor
37:16 Husbandry
41:43 Imperial Age
40:08 Stone Shaft Mining
42:54 Iron Casting
41:55 Vendel Legacy
43:49 Plate Barding Armor
44:33 Cavalier
mgaitaniella
12:05 Feudal Age
10:22 Loom
15:05 Wheelbarrow
18:36 Castle Age
16:43 Double-Bit Axe
17:49 Horse Collar
25:52 Husbandry
26:02 Bloodlines
26:41 Fletching
我的队友很厉害
0:45 Loom
12:32 Feudal Age
13:52 Wheelbarrow
13:08 Double-Bit Axe
15:45 Horse Collar
18:28 Bloodlines
18:33 Gold Mining
21:01 Castle Age
19:06 Stone Mining
20:16 Forging
20:20 Bloodlines
21:26 Scale Barding Armor
21:54 Squires
24:17 Husbandry
24:43 Heavy Plow
24:47 Scale Mail Armor
24:22 Pikeman
31:21 Marauders
32:40 Chain Mail Armor
36:09 Iron Casting
39:47 Imperial Age
38:36 Hand Cart
39:54 Halberdier
41:12 Conscription
42:29 Fletching
43:18 Parthian Tactics
43:06 Padded Archer Armor
此身为剑所天成
4:49 Loom
10:35 Feudal Age
13:52 Double-Bit Axe
14:24 Horse Collar
34:13 Castle Age
理塘雪豹王
0:30 Loom
13:29 Feudal Age
13:53 Town Watch
14:13 Double-Bit Axe
20:40 Castle Age
21:37 Pikeman
26:21 Squires
30:38 Gold Mining
30:39 Stone Mining
36:24 Scale Barding Armor
37:33 Bloodlines
Connection lost

Rejoining the realm…

Still unreachable

The connection could not be restored.

Session expired

The server has moved on; the page needs a fresh start.